 Dungeon Crawl Stone Soup version 0.29.1-1-gd02db6906a (webtiles) character file.

Game seed: 10328882529471703438

50 Descartes the Scratcher (level 3, -2/15 HPs)
             Began as a Felid Wanderer on Oct 19, 2022.
             Slain by Natasha (9 damage)
             ... on level 1 of the Dungeon.
             The game lasted 00:01:50 (1718 turns).

Descartes the Scratcher (Felid Wanderer)            Turns: 1718, Time: 00:01:50

Health: -2/15      AC:  1    Str: 10    XL:     3   Next: 55%
Magic:  7/7        EV: 18    Int: 10    God:
Gold:   37         SH:  5    Dex: 18    Spells: 6/6 levels left
                                        Lives:  0   Deaths: 0

rFire   . . .      SeeInvis +     - Unarmed
rCold   . . .      Faith    .   (shield unavailable)
rNeg    . . .      Spirit   .   (body armour unavailable)
rPois   .          Reflect  +   (helmet unavailable)
rElec   .          Harm     .   (cloak unavailable)
rCorr   .          Rampage  .   (gloves unavailable)
Will    .....                   (boots unavailable)
Stlth   ++........              m - amulet of reflection
HPRegen 0.05/turn               (no ring)
MPRegen 0.10/turn               (no ring)

@: quick
A: very small, claws 1, fangs 3, see invisible, speed 1, shaggy fur 1, stealthy
paws, no weapons or thrown items, no armour, multi-lived
a: no special abilities


You were on level 1 of the Dungeon.
You visited 1 branch of the dungeon, and saw 2 of its levels.

You collected 37 gold pieces.

Inventory:

Jewellery
 m - an amulet of reflection (around neck)
Scrolls
 a - a scroll of fear
 e - a scroll of fog
 f - a scroll of enchant weapon {unknown}
 g - a scroll of immolation {unknown}
 h - a scroll of amnesia {unknown}
 j - a scroll of teleportation {unknown}
Potions
 b - 2 potions of brilliance
 c - 2 potions of attraction
 i - a potion of resistance {unknown}
 k - a potion of magic {unknown}
 l - a potion of mutation {unknown}
 n - 2 potions of ambrosia {unknown}
Miscellaneous
 d - a piece from Xom's chessboard (15/15) (quivered)


   Skills:
 - Level 1.0 Fighting
 + Level 3.0 Dodging
 + Level 4.7 Unarmed Combat
 - Level 2.0 Spellcasting
 - Level 3.2 Evocations


You had 6 spell levels left.
You didn't know any spells.
Your spell library was empty.

Dungeon Overview and Level Annotations

Branches:
Dungeon (2/15)

Altars:

Annotations:
D:1 Natasha
D:2 Robin


Innate Abilities, Weirdness & Mutations

You have sharp claws.
You have razor-sharp teeth.
You have supernaturally acute eyesight. (SInv)
You cover ground quickly. (Speed+)
You are covered in fur. (AC +1)
Your paws help you pounce on unaware monsters.
You are incapable of wielding weapons or throwing items.
You cannot wear armour.
You gain extra lives every three experience levels.


Message History

a +2 dagger of venom; a goblin corpse You scratch the goblin.
The goblin is moderately wounded.
The goblin hits you with a +0 dagger.
* * * LOW HITPOINT WARNING * * *
You closely miss the goblin.
The goblin is moderately wounded.
The goblin barely misses you.
You scratch the goblin.
You kill the goblin!
HP restored.
Done exploring.
There is a stone staircase leading down here.
Things that are here:
a +0 dagger; a +0 short sword You climb downwards.
Level annotation: Natasha, Robin Natasha claws you!
Ouch! That really hurt!
The goblin closely misses you.
There is a stone staircase leading up, spattered with blood here.
The bat hits you but does no damage. Natasha closely misses you.
The goblin barely misses you.
You climb upwards.
There is a stone staircase leading down here.
Things that are here:
a +0 dagger; a +0 short sword You claw the goblin!
You kill the goblin!
The bat barely misses you. You block the bat's attack.
Natasha closely misses you.
You scratch the bat.
You kill the bat!
Natasha casts a spell.
Your Dodging skill increases to level 3!
You scratch Natasha.
Natasha is moderately wounded.
Natasha claws you!
Ouch! That really hurt!
You die...

#.# #.###.###.# ##'## ####.# #.#
#.# #.###...## #....# #.###.#
#.##.....## #.#.## #.#...#
#.#.......##
#[...#########.#...###..........#
................................'
.....###########...####.........#
#...## #))## ##.......## #..####
###@#### ##.....## #.....#
#5h.)..# ##...## ##.##.#
#.#.##.#######+## ##.##.#
#.#..........#.# ...##.#
#.#..#.#####.#.##### ...##.#
#.#......# #.#...... ##.##.#
#.##.#.#.# #....#### ##.##.#
#.##.#.#.###.)...### ##.##.#
#.##...............#


You could see Natasha and a crimson imp (summoned).

Vanquished Creatures
  A gnoll (D:1)
  A worm (D:2)
  2 dart slugs (D:1)
  3 endoplasms (D:1)
  2 giant cockroaches
  9 goblins (D:1)
  A hobgoblin (D:1)
  4 kobolds (D:1)
  A quokka (D:1)
  3 ball pythons
  A bat (D:1)
  A frilled lizard (D:1)
  3 rats (D:1)
32 creatures vanquished.

Notes
Turn   | Place    | Note
-------+----------+-------------------------------------------
     0 | D:1      | Descartes the Felid Wanderer began the quest for the Orb.
     0 | D:1      | Descartes set off with the following items: a scroll of
                  | fear, a potion of brilliance, a potion of attraction, a
                  | piece from Xom's chessboard (15/15), a scroll of fog.
     0 | D:1      | Reached XP level 1. HP: 9/9 MP: 4/4
   230 | D:1      | Reached skill level 1 in Dodging
   242 | D:1      | Reached XP level 2. HP: 12/12 MP: 6/6
   552 | D:1      | Found a faded altar of an unknown god.
   696 | D:1      | Reached XP level 3. HP: 6/15 MP: 7/7
  1468 | D:2      | Noticed Natasha
  1477 | D:2      | Noticed Robin
  1718 | D:1      | Slain by Natasha

Illustrated notes

Levels and vault maps discovered:
D:1:      lightli_arrival_boilingwater, layout_loops_corners,
          chequers_ecumenical_altar_island
D:2:      layout_rooms, basic_altar, uniq_robin, uniq_natasha

Skill      XL: |  1  2  3 |
---------------+----------+-----
Dodging        | 1 2 3 |  3.0
Fighting       | |  1.0
Unarmed Combat | |  4.7
Spellcasting   | |  2.0
Evocations     | |  3.2

Action                   || total
-------------------------++-------
Melee: Unarmed           ||    73
       Bite              ||     4
       Punch             ||     2
 Stab: Sleeping          ||     3
Armor: Skin              ||     1
Dodge: Dodged            ||    57
Block: Other             ||     5
